 Dungeon Crawl Stone Soup version 0.30-a0-141-g30f27751c5 (webtiles) character file.

Game seed: 3113389347273039064

18 qw the Shield-Bearer (level 2, -3/19 HPs)
             Began as a Gargoyle Fighter on Sept 25, 2022.
             Slain by a gnoll
             ... wielding a +0 spear
              (6 damage)
             ... on level 2 of the Dungeon.
             The game lasted 00:00:18 (1065 turns).

qw the Shield-Bearer (Gargoyle Fighter)             Turns: 1065, Time: 00:00:19

Health: -3/19      AC:  9    Str: 16 (19) XL:     2   Next: 70%
Magic:  2/2        EV:  8    Int:  7 (8)  God:
Gold:   52         SH:  4    Dex:  7 (9)  Spells: 1/1 levels left

rFire   . . .      SeeInvis .    Y - +0 war axe (freeze)
rCold   . . .      Faith    .    c - +0 buckler
rNeg    + . .      Spirit   .    b - +0 scale mail
rPois   inf        Reflect  .    (no helmet)
rElec   +          Harm     .    (no cloak)
rCorr   .          Rampage  .    (no gloves)
Will    .....                    (no boots)
Stlth   ..........               (no amulet)
HPRegen 0.06/turn                (no ring)
MPRegen 0.08/turn                (no ring)

@: no status effects
A: sickness immunity, AC +2, negative energy resistance 1, electricity
resistance, torment resistance 1, petrification resistance
a: no special abilities


You were on level 2 of the Dungeon.
You visited 1 branch of the dungeon, and saw 2 of its levels.

You collected 52 gold pieces.


Innate Abilities, Weirdness & Mutations

You are immune to sickness and miasma.
Your stone body is resilient. (AC +2)
You are immune to poison.
You resist negative energy. (rN+)
You are resistant to electric shocks. (rElec)
You are resistant to unholy torment.
You are immune to petrification.


   Skills:
 - Level 3.2 Fighting
 + Level 2.9 Axes
 - Level 3.2 Armour
 - Level 3.2 Shields


You had one spell level left.
You didn't know any spells.
Your spell library was empty.

Inventory:

Hand Weapons
 k - a +0 club
 Y - a +0 war axe of freezing (weapon)
Armour
 b - a +0 scale mail (worn)
 c - a +0 buckler (worn)
Scrolls
 a - a scroll of identify
Potions
 d - 2 potions of might
 e - a potion of mutation
 m - a potion of lignification {unknown}
 n - a potion of curing

Dungeon Overview and Level Annotations

Branches:
Dungeon (2/15)

Altars:


Message History

What level of the Dungeon? (default 1, ? - help)
There is a stone staircase leading down here.
You climb downwards.
Found 6 stones.
Found a stone staircase leading down.
There is a stone staircase leading up here.
Existing waypoints: (2) D:1 Assign waypoint to what number? (0-9, D - delete waypoint) Waypoint 1 assigned to D:2.
Found a stone staircase leading down.
A gnoll comes into view. It is wielding a +0 spear.
The gnoll shouts!
A gnoll comes into view. It is wielding a +0 flail.
The gnoll shouts!
The gnoll hits you but does no damage.
You barely miss the gnoll.
A gnoll comes into view. It is wielding a +2 halberd of flaming.
The gnoll shouts!
You slash the gnoll! You freeze the gnoll.
The gnoll is almost dead.
You hit the gnoll but do no damage. The gnoll hits you with a +0 spear.
The gnoll closely misses you.
You closely miss the gnoll.
The gnoll is almost dead.
You hit the gnoll. You freeze the gnoll.
You feel your willpower return. The gnoll hits you with a +0 spear.
The gnoll closely misses you. The gnoll barely misses you.
You barely miss the gnoll.
The gnoll is almost dead.
You barely miss the gnoll. You block the gnoll's attack.
The gnoll hits you with a +0 spear. The gnoll hits you but does no damage.
You closely miss the gnoll.
The gnoll is almost dead.
You hit the gnoll. You freeze the gnoll.
You kill the gnoll!
The gnoll hits you from afar with a +2 halberd of flaming.
The gnoll burns you. The gnoll hits you with a +0 spear.
You die...

#.# #.# ##>#
##..#
#####...####
..>........+
##.#(..#
##...#..#
#...)@.<#
##..g####
##g# #. #


You could see 2 gnolls.

Vanquished Creatures
  A gnoll (D:2)
  3 endoplasms (D:1)
  2 giant cockroaches (D:1)
  2 goblins (D:1)
  2 hobgoblins (D:1)
  A quokka (D:1)
  3 ball pythons (D:1)
  A bat (D:1)
  A frilled lizard (D:1)
16 creatures vanquished.

Notes
Turn   | Place    | Note
-------+----------+-------------------------------------------
     0 | D:1      | qw the Gargoyle Fighter began the quest for the Orb.
     0 | D:1      | Reached XP level 1. HP: 14/14 MP: 1/1
     0 | D:1      | 0 ||| qw: Version: 0.2-a-10-g399e6c4
     0 | D:1      | 0 ||| qw: Game counter: 194
     0 | D:1      | 0 ||| qw: Always use a shield: true
     0 | D:1      | 0 ||| qw: God list: Okawaru
     0 | D:1      | 0 ||| qw: Allow faded altars: false
     0 | D:1      | 0 ||| qw: Do Orc after D:15 true
     0 | D:1      | 0 ||| qw: Do second Lair branch before Depths: true
     0 | D:1      | 0 ||| qw: Lair rune preference: random
     0 | D:1      | 0 ||| qw: Plans: Normal, Zot:1-4, God:TSO, Crypt, Tomb,
                  | Pan, Slime:5, Hells, Abyss, Orb
     0 | D:1      | 0 ||| PLANNING D:1-11
   360 | D:1      | Reached XP level 2. HP: 19/19 MP: 2/2
   460 | D:1      | 460 ||| Stepping ~*~*~tactically~*~*~ (stealth).
   462 | D:1      | 462 ||| Stepping ~*~*~tactically~*~*~ (stealth).
   468 | D:1      | 468 ||| Stepping ~*~*~tactically~*~*~ (stealth).
  1020 | D:1      | 1020 ||| READING 3 scrolls labelled ECUWNU ISOF.
  1021 | D:1      | 1021 ||| READING scroll labelled SUBARO TIPHONN.
  1024 | D:1      | 1024 ||| READING scroll labelled RISOENN JEIRO.
  1025 | D:1      | 1025 ||| READING 2 scrolls labelled DYLISTR ETOX.
  1026 | D:1      | 1026 ||| READING scroll labelled TUGOGIYROA.
  1027 | D:1      | 1027 ||| DRINKING 3 glowing puce potions.
  1028 | D:1      | 1028 ||| DRINKING 2 fuming puce potions.
  1029 | D:1      | 1029 ||| READING 2 scrolls of identify.
  1029 | D:1      | 1029 ||| IDENTIFYING fizzy yellow potion
  1030 | D:1      | 1030 ||| DROPPING scroll of fog.
  1031 | D:1      | 1031 ||| DROPPING 2 potions of degeneration.
  1065 | D:2      | HP: 4/19 [gnoll/+2 halberd of flaming (6)]
  1065 | D:2      | Slain by a gnoll

Levels and vault maps discovered:
D:1:      minmay_arrival_loop, layout_basic, hangedman_decor_points,
          chequers_jeans
D:2:      layout_loops_corners, serial_shops, shop_statue, nicolae_square_shop,
          nicolae_shop_statue_plus, uniq_robin

Skill      XL: |  1 |
---------------+----+-----
Axes           | 2 |  2.9
Fighting       | |  3.2
Armour         | |  3.2
Shields        | |  3.2

Action                   || total
-------------------------++-------
Melee: War axe           ||    60
  Use: Scroll            ||     6
       Potion            ||     2
Armor: Scale mail        ||    29
Dodge: Dodged            ||    22
Block: Buckler           ||    12

Table legend:
 A = Non-vault XP
 B = Vault XP
 C = Vault XP percentage of total XP
 D = Non-vault monster count
 E = Vault monster count
 F = Vault count percentage of total count
                 A         B        C        D         E       F
            +---------+---------+-------+---------+---------+-------
      Total |      41 |       0 |   0.0 |      16 |       0 |   0.0
            +---------+---------+-------+---------+---------+-------
        D:1 |      27 |       0 |   0.0 |      15 |       0 |   0.0
        D:2 |      14 |       0 |   0.0 |       1 |       0 |   0.0
            +---------+---------+-------+---------+---------+-------
